 Dungeon Crawl Stone Soup version 0.29-a0-472-ge5599a681e (webtiles) character file.

Game seed: 12002504713716397280

2876 bande the Chopper (level 9, -17/55 HPs)
             Began as a Gargoyle Fighter on May 22, 2022.
             Was a Believer of Okawaru.
             Killed from afar by Maggie (27 damage)
             ... with a bolt of fire
             ... on level 7 of the Dungeon.
             The game lasted 00:12:25 (6633 turns).

bande the Chopper (Gargoyle Fighter)                Turns: 6633, Time: 00:12:25

Health: -17/55     AC: 23    Str: 20    XL:     9   Next: 76%
Magic:  12/12      EV: 11    Int:  9    God:    Okawaru [**....]
Gold:   177        SH: 10    Dex: 13    Spells: 8/8 levels left

rFire   . . .      SeeInvis .   a - +1 war axe (spect)
rCold   . . .      Faith    .   c - +0 buckler
rNeg    + . .      Spirit   .   g - +3 chain mail
rPois   ∞          Reflect  +   (no helmet)
rElec   +          Harm     .   (no cloak)
rCorr   +          Rampage  .   u - +0 pair of gloves
Will    .....                   s - +1 pair of boots
Stlth   ..........              D - amulet of reflection
HPRegen 0.18/turn               e - +4 ring of evasion
MPRegen 0.13/turn               B - ring of resist corrosion

@: mighty, mesmerised
A: sickness immunity, AC +6, negative energy resistance 1, electricity
resistance, torment resistance 1, petrification resistance
a: Renounce Religion, Heroism


You were on level 7 of the Dungeon.
You worshipped Okawaru.
Okawaru was pleased with you.
You visited 2 branches of the dungeon, and saw 8 of its levels.

You collected 177 gold pieces.

Inventory:

Hand Weapons
 a - a +1 spectral war axe (weapon)
 h - a +0 flail
 y - a +0 war axe of freezing
 C - a +0 shortbow
Missiles
 b - a throwing net (quivered)
Armour
 c - a +0 buckler (worn)
 f - the +2 pair of boots of Dishonour {rElec rF+ Str+7 Dex-5}
   (You found it on level 2 of the Dungeon)

   Str:       It affects your strength (+7).
   Dex:       It affects your dexterity (-5).
   rF:        It protects you from fire.
   rElec:     It insulates you from electricity.
 g - a +3 chain mail (worn)
 s - a +1 pair of boots (worn)
 u - a +0 pair of gloves (worn)
 H - a +2 leather armour of cold resistance
Jewellery
 e - a +4 ring of evasion (left hand)
 o - a ring of wizardry
 p - a +6 ring of intelligence
 B - a ring of resist corrosion (right hand)
 D - an amulet of reflection (around neck)
Wands
 t - a wand of flame (9)
 w - a wand of charming (7)
 E - a wand of polymorph (8)
 F - a wand of iceblast (13)
Scrolls
 l - 5 scrolls of teleportation
 x - a scroll of enchant weapon
 A - a scroll of magic mapping
 G - a scroll of identify
 I - a scroll of amnesia
Potions
 i - 2 potions of berserk rage
 j - 3 potions of curing
 k - a potion of invisibility {unknown}
 m - a potion of magic {unknown}
 n - a potion of ambrosia {unknown}
 q - a potion of brilliance {unknown}
 r - 2 potions of haste
 v - a potion of mutation {unknown}
 z - 2 potions of lignification {unknown}


   Skills:
 + Level 5.9 Fighting
 + Level 7.9 Axes
 + Level 6.6 Armour
 + Level 5.4 Shields
 * Level 4.1 Invocations
 * Level 4.0 Evocations


You had 8 spell levels left.
You didn't know any spells.
Your spell library contained the following spells:

 Spells                   Type           Power      Damage    Failure   Level
 Freeze                   Ice            0%         1d3       99%         1
 Slow                     Hex            0%         N/A       99%         1
 Blink                    Tloc           0%         N/A       100%        2
 Scorch                   Fire           0%         2d5       100%        2
 Confusing Touch          Hex            0%         N/A       100%        3
 Frozen Ramparts          Ice            0%         1d2       100%        3
 Lesser Beckoning         Tloc           0%         N/A       100%        3
 Vampiric Draining        Necr           0%         2d6       100%        3
 Flame Wave               Conj/Fire      0%         2d4       100%        4
 Hailstorm                Conj/Ice       0%         3d3       100%        4
 Manifold Assault         Tloc           0%         N/A       100%        5
 Summon Cactus Giant      Summ           Unusable   N/A       N/A         6

Dungeon Overview and Level Annotations

Branches:
Dungeon (7/15)             Temple (1/1) D:6

Altars:
Ashenzari
Cheibriados
Dithmenos
Elyvilon
Fedhas
Gozag
Hepliaklqana
Kikubaaqudgha
Makhleb
Nemelex Xobeh
Okawaru
Qazlal
Ru
Sif Muna
Trog
Uskayaw
Xom
Yredelemnul
Zin
The Shining One

Shops:
D:2 =

Annotations:
D:4 2 transporters, DarkSlayer6995's ghost, amateur HOFi
D:7 Maggie


Innate Abilities, Weirdness & Mutations

You are immune to sickness and miasma.
Your stone body is resilient. (AC +6)
You are immune to poison.
You resist negative energy. (rN+)
You are resistant to electric shocks. (rElec)
You are resistant to unholy torment.
You are immune to petrification.


Message History

You start resting.
Magic restored.
You start resting.
HP restored.
You start waiting.
Done waiting.
Found an escape hatch in the floor.
Things that are here:
a yak skeleton; a yak skeleton; a yak skeleton
Found two stone staircases leading down.
You now have 177 gold pieces (gained 8).
Maggie the Vainglorious comes into view.
She is wielding a +1 broad axe of draining.
Maggie shouts!
Maggie gestures at you while chanting. The bolt of fire hits you!!
You feel very mighty all of a sudden. Maggie gestures at you while chanting.
The bolt of fire hits you!
Maggie points at you and mumbles some strange words.
The bolt of fire hits you but does no damage.
You block Maggie's attack.
You slash Maggie!
Maggie is moderately wounded.
Your +1 spectral war axe hits Maggie!!
Maggie gestures wildly while chanting.
Maggie attempts to bespell you!
You are mesmerised by Maggie!
Maggie points at you and mumbles some strange words.
The bolt of fire hits you!!
* * * LOW HITPOINT WARNING * * *
You hit Maggie.
Maggie is severely wounded.
Your +1 spectral war axe hits Maggie!
Maggie hits you but does no damage.
Maggie closely misses your +1 spectral war axe.
Unknown command.
You closely miss Maggie.
Maggie is almost dead.
Your +1 spectral war axe hits Maggie!
Maggie casts a spell at you. The bolt of fire hits you!!
You die...

............#..>.>..#
.....##### #.........#
#........# ####.....##
#........# ##.....##
#........#####.......#
#........#...........#
#..........###.......#
#.....(..### ##.....##
#.....@@.# ##...##
#........# #####
#........# ##########


You could see Maggie (mesmerising) and a friendly +1 spectral war axe
(summoned).

Vanquished Creatures
  Joseph (D:7)
  4 yaks (D:7)
  Menkaure (D:7)
  A water moccasin (D:6)
  Duvessa (D:7)
  An ice beast (D:6)
  A black bear (D:5)
  2 ogres
  2 centaurs
  2 kobold brigands (D:7)
  2 bullfrogs
  A necrophage (D:7)
  A scorpion (D:6)
  Dowan (D:6)
  2 orc priests
  2 gnoll shamans (D:6)
  5 hounds
  4 iguanas
  An orc wizard (D:6)
  13 gnolls
  10 adders
  A shadow imp (D:6)
  A white imp (D:6)
  2 ufetubi
  2 worms
  2 dart slugs
  7 orcs
  8 ball pythons
  9 bats
  3 endoplasms
  7 giant cockroaches
  3 goblins
  4 hobgoblins
  3 jackals (D:5)
  18 kobolds
  6 quokkas
  4 frilled lizards
  4 rats (D:1)
142 creatures vanquished.

Notes
Turn   | Place    | Note
-------+----------+-------------------------------------------
     0 | D:1      | bande the Gargoyle Fighter began the quest for the Orb.
     0 | D:1      | Reached XP level 1. HP: 14/14 MP: 1/1
   110 | D:1      | Reached XP level 2. HP: 19/19 MP: 2/2
   300 | D:1      | Reached skill level 2 in Axes
   418 | D:1      | Found a faded altar of an unknown god.
   464 | D:1      | Reached XP level 3. HP: 23/23 MP: 3/3
   993 | D:2      | Found Coor Buo's Jewellery Boutique.
  1101 | D:2      | Identified the +2 pair of boots of Dishonour {rElec rF+
                  | Str+7 Dex-5}
  1263 | D:2      | Reached XP level 4. HP: 26/29 MP: 4/4
  1350 | D:2      | Reached skill level 3 in Axes
  1593 | D:3      | Reached XP level 5. HP: 33/33 MP: 5/5
  2210 | D:4      | Found a transporter.
  2210 | D:4      | Noticed DarkSlayer6995's ghost (amateur HOFi)
  2241 | D:4      | Found a transporter.
  2593 | D:4      | Noticed an ogre
  2597 | D:4      | Killed an ogre
  2598 | D:4      | Reached skill level 4 in Axes
  2598 | D:4      | Reached XP level 6. HP: 37/38 MP: 6/6
  2727 | D:5      | Entered Level 5 of the Dungeon
  2734 | D:5      | Noticed a black bear
  2738 | D:5      | Killed a black bear
  2739 | D:5      | Reached XP level 7. HP: 44/44 MP: 7/7
  2862 | D:5      | Reached skill level 1 in Evocations
  2889 | D:5      | Found a white marble altar of Elyvilon.
  2889 | D:5      | Found a glowing golden altar of the Shining One.
  2892 | D:5      | Reached skill level 5 in Armour
  3197 | D:5      | Reached skill level 5 in Axes
  3807 | D:6      | Found a blossoming altar of Fedhas.
  4141 | D:6      | Found a staircase to the Ecumenical Temple.
  4165 | Temple   | Entered the Ecumenical Temple
  4343 | Temple   | Became a worshipper of Warmaster Okawaru
  4411 | D:6      | Reached XP level 8. HP: 47/48 MP: 8/8
  4478 | D:6      | Reached skill level 1 in Invocations
  4479 | D:6      | Reached skill level 5 in Fighting
  4479 | D:6      | Reached skill level 6 in Axes
  4999 | D:7      | Noticed Joseph
  5001 | D:7      | Noticed Duvessa
  5001 | D:7      | Noticed Dowan
  5010 | D:7      | Killed Duvessa
  5010 | D:7      | Killed Joseph
  5010 | D:7      | Reached * piety under Okawaru
  5679 | D:6      | Killed Dowan
  5680 | D:6      | Reached skill level 7 in Axes
  5680 | D:6      | Reached XP level 9. HP: 48/54 MP: 11/11
  5993 | D:7      | Found a burning altar of Makhleb.
  6013 | D:7      | Noticed Menkaure
  6018 | D:7      | Killed Menkaure
  6133 | D:7      | Reached ** piety under Okawaru
  6136 | D:7      | Reached skill level 5 in Shields
  6624 | D:7      | Noticed Maggie
  6633 | D:7      | Killed from afar by Maggie

Illustrated notes

Levels and vault maps discovered:
D:1:      lemuel_arrival_rhombus, layout_loops_ring,
          dreamdust_ecumenical_altar_angels_and_demons, st_stairs_10
D:2:      layout_basic, serial_shops, shop_fountains
D:3:      layout_basic
D:4:      layout_gridville, gammafunk_ghost_arena, st_stairs_8
D:5:      layout_basic, grunt_temple_overflow_open, minivault_19
D:6:      minmay_spotlight, layout_loops_corners, mainiacjoe_overflow_24_doors,
          minmay_temple_entry_antechambers, corner_web_ring,
          roderic_nine_men_s_morris, hangedman_abyss_or_decor_jellyfish_corner,
          minivault_26
D:7:      layout_rooms, mainiacjoe_overflow_alcove_2, marbit_many_paths,
          roderic_roman_lattice, uniq_joseph, uniq_maggie, uniq_menkaure,
          uniq_duvessa
Temple:   eino_temple_scatter_basement

Skill      XL: |  1  2  3  4  5  6  7  8  9 |
---------------+----------------------------+-----
Axes           | 2 3 4 5 7 |  7.9
Armour         | 4 5 6 |  6.6
Fighting       | 4 5 |  5.9
Shields        | 4 5 |  5.4
Evocations     | 2 3 4 |  4.0
Invocations    | 2 4 |  4.1

Action                   |  1- 3 |  4- 6 |  7- 9 || total
-------------------------+-------+-------+-------++-------
Melee: War axe           |   105 |    70 |   210 ||   385
  Use: Scroll            |     4 |     4 |     5 ||    13
       Potion            |       |       |     1 ||     1
 Stab: Distracted        |       |     1 |     1 ||     2
Armor: Scale mail        |    56 |    30 |       ||    86
       Chain mail        |       |     9 |    98 ||   107
Dodge: Dodged            |    74 |    28 |   120 ||   222
Block: Buckler           |    27 |    11 |    75 ||   113
       Reflection        |       |       |     1 ||     1

Table legend: (Time is in decaauts)
 A = Elapsed time spent in this place.
 B = Non-inter-level travel time spent in this place.
 C = Inter-level travel time spent in this place.
 D = Time resting spent in this place.
 E = Time spent auto-exploring this place.
 F = Levels seen in this place.
 G = Mean time per level.
                   A        B        C        D        E       F      G
               +--------+--------+--------+--------+--------+-----+--------+
         Total |   6754 |   6641 |    113 |   1203 |   4182 |   8 |  844.2 |
       Dungeon |   6556 |   6460 |     96 |   1203 |   4023 |   7 |  936.6 |
        Temple |    197 |    180 |     17 |      0 |    159 |   1 |  197.0 |
               +--------+--------+--------+--------+--------+-----+--------+

Top non-repeatable levels by time:
     D:6: 2092 daAuts
     D:1: 931 daAuts
     D:5: 889 daAuts
     D:7: 775 daAuts
     D:2: 704 daAuts
     D:4: 584 daAuts
     D:3: 578 daAuts
  Temple: 197 daAuts
